 Dungeon Crawl Stone Soup version bcrawl-1.21.2-1-g32d02e0829 (webtiles) character file.

Game seed: 9848943146514542962

613 Banto the Poker (level 7, -19/60 HPs)
             Began as a Demigod Wanderer on Feb 21, 2020.
             Demolished by an ogre
             ... wielding a +0 giant club
              (24 damage)
             ... on level 4 of the Dungeon.
             The game lasted 00:05:24 (4717 turns).

Banto the Poker (Demigod Wanderer)                  Turns: 4717, Time: 00:05:25

Health: -19/60     AC: 11    Str: 19    XL:     7   Next: 20%
Magic:  11/11      EV:  5    Int: 15    God:    Demigod [**....]
Gold:   369        SH:  0    Dex: 18    Spells: 6/8 levels left

rFire    . . .     SeeInvis .   n - +0 trident
rCold    . . .     Gourm    .   (no shield)
rNeg     . . .     Faith    .   d - +1 plate armour
rPois    .         Spirit   .   (no helmet)
rElec    .         Reflect  .   (no cloak)
rCorr    .         Harm     .   (no gloves)
MR       .....                  m - -1 pair of boots
Stlth    ..........             (no amulet)
HPRegen  0.20/turn              (no ring)
MPRegen  0.12/turn              (no ring)

@: no status effects
A: high mp 1
a: Temporal Distortion, Growth


You were on level 4 of the Dungeon.
You worshipped Demigod.
Demigod was pleased with you.
You were hungry.

You visited 1 branch of the dungeon, and saw 4 of its levels.

You collected 369 gold pieces.

Inventory:

Hand Weapons
 a - a +2 dagger
 n - a +0 trident (weapon)
Armour
 d - a +1 plate armour (worn)
 f - a +0 robe
 m - a -1 pair of boots (worn)
Wands
 l - a wand of scattershot (1)
Scrolls
 i - a scroll of teleportation
Potions
 b - a potion of might {unknown}
 c - 4 potions of haste
 g - a potion of flight {unknown}
 k - a potion of brilliance {unknown}
 o - 2 potions of curing
Comestibles
 e - 10 rations {!d}


   Skills:
 - Level 4.3 Fighting
 + Level 6.1 Polearms
 - Level 1.0 Throwing
 - Level 2.0 Stealth
 - Level 1.0 Unarmed Combat
 - Level 1.0 Spellcasting
   Level 1.7 Translocations


You had 6 spell levels left.
You knew the following spells:

 Your Spells              Type           Power        Failure   Level  Hunger
a - Infusion              Chrm           #.......     100%        1    ##.....
b - Summon Butterflies    Summ           #.......     100%        1    ##.....

Your spell library contained the following spells:

 Spells                   Type           Power        Failure   Level  Hunger
 Apportation              Tloc           #.....       99%         1    ##.....
 Sandblast                Erth           #.....       100%        1    ##.....
 Slow                     Hex            #.......     100%        1    ##.....


Dungeon Overview and Level Annotations

Branches:
Dungeon (4/12)
 Temple: D:4-7

Annotations:
D:4 exclusion: oklob plant


Innate Abilities, Weirdness & Mutations

You have an increased reservoir of magic. (+10% MP)


Message History

Press: ? - help, Dir - move target cursor, f/p - ogre
Aim: an ogre, wielding a +0 giant club (severely wounded)
You hit the ogre.
The ogre is almost dead.
The ogre hits you but does no damage.
Attack whom?
Press: ? - help, Dir - move target cursor, f/p - ogre
Aim: an ogre, wielding a +0 giant club (almost dead)
You hit the ogre but do no damage.
The ogre is almost dead.
The ogre hits you with a +0 giant club!
* * * LOW HITPOINT WARNING * * *
Attack whom?
Press: ? - help, Dir - move target cursor, f/p - ogre
Aim: an ogre, wielding a +0 giant club (almost dead)
You hit the ogre but do no damage.
The ogre is almost dead.
The ogre hits you with a +0 giant club!!
You die...
Your divinity fades.

.##..,,,*,,,,,,,**,,,,***+****
.##..,,,#.......#######,,,,,,*
....,,,,#.............#,,,,,,*
....,,,,#.............#,,,,,,*
.##.,,,*#.............#,,,,,,*
.########.............#,,,,,,****
.......+..............+,,,,,,*,,,
.......#..............#,,,,,,*,,,
.......#........@O....#,,,,,,+,,,
.##....#......!.####'##,,,,,,*,,,
###....#........#,,,...,***+**,,,
.#.....#........#,,,....#,,,**,,,
.#.....#........#,,,....#,,,,,,,,
.#.....#........#,,,....+,,,,,,,,
.#.....#........#,,,....#,,,,,,,,
.#.....#........#,,,....#,,,,,,,,
.#.....#........#,,,,,,,*,,,,,,,,


You could see an ogre.

Vanquished Creatures
  An ogre (D:3)
  A howler monkey (D:4)
  A crimson imp (D:4)
  2 orc priests
  A jelly (D:4)
  4 orc wizards
  2 worker ants (D:4)
  8 adders (D:3)
  An ooze (D:1)
  An adder skeleton (D:3)
  5 worms
  3 dart slugs
  5 leopard geckos
  11 orcs
  A bat (D:1)
  3 giant cockroaches
  13 hobgoblins
  8 jackals
  7 kobolds
  4 quokkas
  2 ball pythons
  8 frilled lizards
  5 goblins
  4 rats
101 creatures vanquished.

Notes
Turn   | Place    | Note
-------+----------+-------------------------------------------
     0 | D:1      | Banto the Demigod Wanderer began the quest for the Orb.
     0 | D:1      | Banto set off with the following items: a +2 dagger, a
                  | potion of lignification, a ration {!d}, a +0 robe; and the
                  | following spells available to memorise: Apportation,
                  | Infusion, Sandblast, Slow, Summon Butterflies
     0 | D:1      | Reached XP level 1. HP: 18/18 MP: 4/4
     2 | D:1      | Learned a level 1 spell: Infusion
     4 | D:1      | Learned a level 1 spell: Summon Butterflies
    59 | D:1      | Reached XP level 2. HP: 22/26 MP: 5/5
   577 | D:1      | Reached XP level 3. HP: 30/33 MP: 6/6
   726 | D:1      | Reached * piety under Demigod
  1310 | D:2      | Found a glowing golden altar of the Shining One.
  1671 | D:2      | Found a glowing golden altar of the Shining One.
  1678 | D:2      | Reached XP level 4. HP: 37/41 MP: 8/8
  1895 | D:3      | Reached skill level 1 in Polearms
  1973 | D:2      | HP: 2/41 [poisoned by a kobold]
  2348 | D:3      | Reached skill level 2 in Polearms
  3051 | D:2      | Reached XP level 5. HP: 39/47 MP: 9/9
  3064 | D:2      | Reached skill level 3 in Polearms
  3226 | D:3      | Reached ** piety under Demigod
  3528 | D:3      | Reached skill level 4 in Polearms
  3615 | D:3      | Reached XP level 6. HP: 53/53 MP: 10/10
  3938 | D:3      | Found a shimmering blue altar of Sif Muna.
  4002 | D:3      | Reached skill level 5 in Polearms
  4392 | D:4      | Reached XP level 7. HP: 56/60 MP: 11/11
  4470 | D:4      | Found a blossoming altar of Fedhas.
  4487 | D:4      | Noticed an oklob plant
  4622 | D:4      | Reached skill level 6 in Polearms
  4717 | D:4      | Demolished by an ogre

Skill      XL: |  1  2  3  4  5  6  7 |
---------------+----------------------+-----
Fighting       | 3 4 |  4.3
Polearms       | 2 4 5 6 |  6.1
Throwing       | |  1.0
Stealth        | |  2.0
Unarmed Combat | |  1.0
Spellcasting   | |  1.0
Translocations | |  1.7

Action                   |  1- 3 |  4- 6 |  7- 9 || total
-------------------------+-------+-------+-------++-------
Melee: Dagger            |   190 |    46 |       ||   236
       Punch             |     1 |       |       ||     1
       Trident           |       |   244 |    24 ||   268
Evoke: Wand              |       |     1 |       ||     1
  Use: Potion            |     1 |       |       ||     1
       Scroll            |     3 |     1 |     5 ||     9
 Stab: Sleeping          |     1 |       |       ||     1
  Eat: Chunk             |     3 |     9 |       ||    12
Armor: Skin              |    14 |       |       ||    14
       Robe              |     3 |       |       ||     3
       Plate armour      |   107 |   199 |     8 ||   314
Dodge: Dodged            |    44 |    69 |     1 ||   114
